AoeStats
← Patoown

Arena

510475929Analyzed
1v1 RM · 3h ago on Oct 1, 2026· 28m 41s· 2 players
Game mode
Random Map
Map size
Tiny (2 player)
Population
200
Speed
Normal
Resources
Standard
Victory
Conquest
Starting age
Dark Age
Ending age
Imperial Age
RankedLock teamsTeams togetherTeam positionsShared explorationLock speedFull tech treeHidden civsTurbo modeCheats
Victory
Defeat
🇦🇺 Celts · Australia
751
+16
🇨🇱 Turks · Chile
748
-16
Patoown
9:19 Feudal Age
8:05 Loom
10:29 Double-Bit Axe
15:06 Wheelbarrow
15:10 Horse Collar
15:46 Town Watch
20:24 Castle Age
20:22 Gold Mining
20:24 Stone Mining
20:32 Fletching
20:43 Padded Archer Armor
21:40 Bow Saw
25:49 Hand Cart
25:40 Town Patrol
28:38 Imperial Age
27:04 Fletching
Theoderic
12:03 Feudal Age
13:28 Wheelbarrow
12:41 Double-Bit Axe
12:39 Horse Collar
15:27 Loom
21:10 Castle Age
20:01 Scale Barding Armor
19:58 Gold Mining
21:43 Forging
22:22 Hand Cart
22:21 Bow Saw
23:41 Scale Mail Armor
26:24 Chain Barding Armor
26:16 Man-at-Arms
26:41 Gambesons
27:05 Husbandry
27:16 Pikeman
Connection lost

Rejoining the realm…

Still unreachable

The connection could not be restored.

Session expired

The server has moved on; the page needs a fresh start.